 Dungeon Crawl Stone Soup version 0.29.0-11-gd7f09526c8 (webtiles) character file.

Game seed: 16188599991098442131

126 Acheron the Caller (level 4, 0/41 HPs)
             Began as a Troll Summoner on Sept 6, 2022.
             Succumbed to a goblin's poison
             ... on level 2 of the Dungeon.
             The game lasted 00:10:24 (1863 turns).

Acheron the Caller (Troll Summoner)                 Turns: 1863, Time: 00:10:25

Health: 0/41       AC:  5    Str: 16    XL:     4   Next: 84%
Magic:  5/5        EV: 10    Int: 11    God:
Gold:   165        SH:  0    Dex: 12    Spells: 3/6 levels left

rFire   . . .      SeeInvis .     - Unarmed
rCold   . . .      Faith    .   (no shield)
rNeg    . . .      Spirit   .   a - +1 robe
rPois   .          Reflect  .   (helmet restricted)
rElec   .          Harm     .   (no cloak)
rCorr   .          Rampage  .   (gloves unavailable)
Will    .....                   (boots unavailable)
Stlth   ++........              (no amulet)
HPRegen 0.93/turn               (no ring)
MPRegen 0.09/turn               (no ring)

@: mighty, lethally poisoned (0 -> -5)
A: large, unfitting armour, claws 3, regeneration 1, shaggy fur 1, tough skin 1
a: no special abilities


You were on level 2 of the Dungeon.
You visited 1 branch of the dungeon, and saw 6 of its levels.

You collected 165 gold pieces.

Inventory:

Hand Weapons
 o - a +0 flail
Missiles
 f - 4 javelins (quivered)
 j - 5 datura-tipped darts
 l - 6 atropa-tipped darts
 m - 6 poisoned darts
Armour
 a - a +1 robe (worn)
 e - a +0 tower shield
Jewellery
 c - an amulet of faith
Potions
 b - a potion of magic
 g - a potion of cancellation
 i - a potion of flight


   Skills:
 * Level 1.2 Fighting
 * Level 2.1 Dodging
 + Level 1.1 Stealth
 * Level 2.3 Unarmed Combat
 * Level 1.6 Spellcasting
 * Level 3.3 Summonings


You had 3 spell levels left.
You knew the following spells:

 Your Spells              Type           Power      Damage    Failure   Level
a - Summon Small Mammal   Summ           32%        N/A       8%          1
b - Call Imp              Summ           8%         N/A       12%         2

Your spell library contained the following spells:

 Spells                   Type           Power      Damage    Failure   Level
 Call Canine Familiar     Summ           8%         N/A       22%         3
 Sting                    Tmut/Pois      0%         1d3       30%         1
 Summon Guardian Golem    Hex/Summ       4%         N/A       41%         3
 Poisonous Vapours        Pois/Air       0%         N/A       43%         2
 Summon Lightning Spire   Summ/Air       4%         N/A       83%         4
 Olgreb's Toxic Radiance  Pois           0%         N/A       97%         4
 Dispersal                Tloc           0%         N/A       100%        6
 Disjunction              Tloc           0%         N/A       100%        8


Dungeon Overview and Level Annotations

Branches:
Dungeon (6/15)             Temple (0/1) D:5

Altars:
Fedhas
Ru
Zin
The Shining One


Innate Abilities, Weirdness & Mutations

You are too large for most types of armour.
You have claws for hands.
Your natural rate of healing is unusually fast.
You are covered in fur. (AC +1)
You have tough skin. (AC +1)


Message History

Robin is almost dead.
You feel sick. The goblin closely misses you.
The goblin hits you with a +0 dagger. The goblin hits you but does no damage.
You are more poisoned.
The goblin barely misses you.
You scratch Robin.
You kill Robin!
You feel very sick. The goblin hits you with a +0 club.
The goblin hits you with a +1 dagger of venom.
* * * LOW HITPOINT WARNING * * *
You are lethally poisoned!
The goblin barely misses you. The goblin hits you but does no damage.
You feel better. The goblin hits you but does no damage.
The goblin hits you with a +0 club.
* * * LOW HITPOINT WARNING * * *
The goblin barely misses you. The goblin closely misses you.
The goblin hits you but does no damage.
You scratch the goblin.
The goblin is moderately wounded.
The goblin hits you with a +0 dagger.
* * * LOW HITPOINT WARNING * * *
The goblin barely misses you. The goblin hits you but does no damage.
The goblin hits you with a +1 dagger of venom.
* * * LOW HITPOINT WARNING * * *
You are poisoned.
The goblin hits you with a +0 club.
* * * LOW HITPOINT WARNING * * *
You aren't carrying any scrolls.
Drinking this now will have no effect.
It was a potion of might.
You feel very mighty all of a sudden.
* * * LOW HITPOINT WARNING * * *
You feel sick. The goblin barely misses you. The goblin closely misses you.
The goblin hits you but does no damage. x2
You are lethally poisoned!
The goblin closely misses you.
You claw the goblin!
You kill the goblin!
You die...

### #.#.#
#.###########.#.#
#.............#.##
#.##..............
##.....#####.###.##
##........# #.# #.#
#..###.##.###.###.##
#>)ggg...)..........
#.g@ggg..†###.##.###
###.####g.......##...#
#.....g.........####.#
########g#....#.# #..
#.#.##.#.#####.
#g#.##.#.....'.
#g#.##.#######.
#.#.##.# #. #g#.##.#
#.


You could see a hobgoblin (strong) and 7 goblins.

Vanquished Creatures
  Robin (D:2)
  4 gnolls (D:3)
  An adder (D:2)
  4 dart slugs
  5 orcs
  5 ball pythons
  3 bats
  7 endoplasms
  2 giant cockroaches (D:2)
  10 goblins
  A hobgoblin (D:1)
  A jackal (D:3)
  3 kobolds
  2 quokkas (D:1)
  A frilled lizard (D:1)
  A rat (D:3)
51 creatures vanquished.

Vanquished Creatures (collateral kills)
  A ball python (D:1)
1 creature vanquished.

Vanquished Creatures (others)
  3 fungi (D:3)
3 creatures vanquished.

Grand Total: 55 creatures vanquished

Notes
Turn   | Place    | Note
-------+----------+-------------------------------------------
     0 | D:1      | Acheron the Troll Summoner began the quest for the Orb.
     0 | D:1      | Reached XP level 1. HP: 16/16 MP: 1/1
    49 | D:1      | Reached skill level 3 in Summonings
   108 | D:1      | Reached XP level 2. HP: 25/26 MP: 2/2
   267 | D:1      | Reached XP level 3. HP: 29/32 MP: 4/4
   565 | D:3      | Found a glowing silver altar of Zin.
   581 | D:3      | Found a glowing golden altar of the Shining One.
   587 | D:3      | Found a blossoming altar of Fedhas.
   671 | D:3      | Found a faded altar of an unknown god.
   675 | D:3      | Reached skill level 1 in Fighting
   683 | D:3      | Reached skill level 1 in Unarmed Combat
   872 | D:4      | Learned a level 2 spell: Call Imp
   942 | D:5      | Entered Level 5 of the Dungeon
   953 | D:6      | Noticed a kobold brigand
  1296 | D:4      | Noticed an ogre
  1455 | D:3      | Reached XP level 4. HP: 21/41 MP: 5/5
  1623 | D:3      | Found a sacrificial altar of Ru.
  1824 | D:2      | Noticed Robin
  1859 | D:2      | Killed Robin
  1862 | D:2      | HP: 2/41 [poisoned by a goblin]
  1863 | D:2      | Succumbed to a goblin's poison

Illustrated notes

Levels and vault maps discovered:
D:1:      roderic_chinese_lattice_arrival, layout_rooms,
          chequers_serial_rivers_micro_d, minmay_heptomino_d4
D:2:      layout_basic, basic_altar, uniq_robin
D:3:      minmay_general_purpose_star, layout_basic,
          nicolae_ru_sacrificial_ziggurat, mainiacjoe_overflow_boulevard,
          chequers_temple_overflow_statue_of_worship, serial_shops,
          nicolae_shop_behind_doors, chequers_ecumenical_altar_simple
D:4:      layout_gridville, nicolae_stop_n_shop_1, uniq_pikel,
          uniq_blork_the_orc, uniq_crazy_yiuf_cottage
D:5:      layout_basic, minmay_temple_entry_mist, chequers_serial_rivers_room_b,
          uniq_menkaure
D:6:      layout_cave_pools, minmay_overflow_temple_star_quad,
          ebering_ghost_reflecting_pool, minmay_manual_monstrance

Skill      XL: |  1  2  3  4 |
---------------+-------------+-----
Summonings     | 3 |  3.3
Fighting       | 1 |  1.2
Unarmed Combat | 1 2 |  2.3
Dodging        | 2 |  2.1
Stealth        | |  1.1
Spellcasting   | |  1.6

Action                   |  1- 3 |  4- 6 || total
-------------------------+-------+-------++-------
Melee: Unarmed           |   130 |    47 ||   177
       Punch             |     3 |     1 ||     4
 Cast: Summon Small Mamm |     8 |       ||     8
  Use: Scroll            |     9 |     2 ||    11
       Potion            |       |     2 ||     2
 Stab: Sleeping          |     2 |     1 ||     3
Armor: Robe              |    58 |    23 ||    81
Dodge: Dodged            |    68 |    42 ||   110
